 Dungeon Crawl Stone Soup version 0.28.0-53-g5a82cb258f (webtiles) character file.

Game seed: 13854057242640702427

69 kudzoo the Digger (level 4, -8/24 HPs)
             Began as a Gargoyle Earth Elementalist on July 30, 2022.
             Killed from afar by a white imp (10 damage)
             ... with a puff of frost
             ... on level 3 of the Dungeon.
             The game lasted 00:18:35 (1450 turns).

kudzoo the Digger (Gargoyle Earth Elementalist)     Turns: 1450, Time: 00:18:36

Health: -8/24      AC:  6    Str: 12    XL:     4   Next: 20%
Magic:  6/7        EV: 12    Int: 17    God:
Gold:   17         SH:  0    Dex: 10    Spells: 6/7 levels left

rFire   . . .      SeeInvis .   h - +0 rapier
rCold   . . .      Faith    .   (no shield)
rNeg    + . .      Spirit   .   b - +0 robe
rPois   ∞          Reflect  .   (no helmet)
rElec   +          Harm     .   a - +0 cloak
rCorr   .          Rampage  .   (no gloves)
Will    .....                   (no boots)
Stlth   ++........              (no amulet)
HPRegen 0.08/turn               (no ring)
MPRegen 0.10/turn               (no ring)

@: no status effects
A: sickness immunity, AC +3, negative energy resistance 1, electricity
resistance, torment resistance 1, petrification resistance
a: no special abilities


You were on level 3 of the Dungeon.
You visited 1 branch of the dungeon, and saw 4 of its levels.

You collected 17 gold pieces.

Inventory:

Hand Weapons
 g - a +0 club
 h - a +0 rapier (weapon)
 l - a +0 short sword
 n - a +0 hunting sling
Missiles
 c - 73 stones
 e - 39 sling bullets
 f - 14 arrows
Armour
 a - a +0 cloak (worn)
 b - a +0 robe (worn)
 i - a +0 leather armour
 k - a +0 ring mail
Scrolls
 d - a scroll of enchant weapon {unknown}
 j - a scroll of identify {unknown}
 m - 2 scrolls of fog {unknown}
 o - a scroll of summoning {unknown}


   Skills:
 + Level 0.1 Fighting
 * Level 0.8 Short Blades
 + Level 2.0 Dodging
 * Level 2.4 Stealth
 - Level 0.7 Unarmed Combat
 + Level 2.4 Spellcasting
 * Level 0.9 Conjurations
 + Level 0.7 Transmutations
 * Level 4.4 Earth Magic


You had 6 spell levels left.
You knew the following spells:

 Your Spells              Type           Power      Damage    Failure   Level
a - Sandblast             Erth           34%        2d9       3%          1

Your spell library contained the following spells:

 Spells                   Type           Power      Damage    Failure   Level
 Passwall                 Tmut/Erth      8%         N/A       10%         2
 Foxfire                  Conj/Fire      12%        2x1d4     16%         1
 Stone Arrow              Conj/Erth      22%        3d8       19%         3
 Conjure Flame            Conj/Fire      3%         6-21      41%         3
 Inner Flame              Hex/Fire       2%         N/A       50%         3
 Petrify                  Tmut/Erth      10%        N/A       54%         4
 Flame Wave               Conj/Fire      3%         2d4       83%         4


Dungeon Overview and Level Annotations

Branches:
Dungeon (4/15)
 Temple: D:4-7

Altars:


Innate Abilities, Weirdness & Mutations

You are immune to sickness and miasma.
Your stone body is resilient. (AC +3)
You are immune to poison.
You resist negative energy. (rN+)
You are resistant to electric shocks. (rElec)
You are resistant to unholy torment.
You are immune to petrification.


Message History

You closely miss the adder skeleton.
The adder skeleton is heavily damaged.
The adder skeleton closely misses you.
You puncture the adder skeleton!
The adder skeleton is almost destroyed.
The adder skeleton bites you but does no damage.
The adder skeleton misses you.
You hit the adder skeleton.
You destroy the adder skeleton!
A hobgoblin comes into view.
The helpless hobgoblin fails to defend itself.
You puncture the hobgoblin!
You kill the hobgoblin!
There is a stone staircase leading up here.
You climb upwards.
There is a stone staircase leading down here.
A white imp comes into view.
The white imp shouts!
A bat comes into view.
The white imp gestures at you. The puff of frost hits you.
The white imp gestures at you. The puff of frost hits you!
The bat hits you but does no damage.
You puncture the bat!
You kill the bat!
The white imp gestures at you. The puff of frost hits you.
You barely miss the white imp. The white imp hits you.
* * * LOW HITPOINT WARNING * * *
The white imp freezes you.
* * * LOW HITPOINT WARNING * * *
Aiming: Sandblast (safe; 3% risk of failure)
Press: ? - help, Q - select action, (/) - cycle Shift-Dir - straight line, f - white imp
Aim: a white imp (79% to hit)
The blast of sand hits the white imp!
The white imp is heavily wounded.
The white imp gestures at you. The puff of frost hits you!
You die...

...............#
...............#
#............5....#
.(..........<.....#
..............5..#
......#.....#####
#..#.#.#####
#.#.#5###### .
#.....@....# ..
#..........# #.
#..........# #.
###.....>....#
####.##............#
.#.......#..........#
.........#..........#
##......†##############
#.......####.........#


You could see a white imp.

Vanquished Creatures
  Natasha (D:2)
  An adder (D:3)
  An adder skeleton (D:4)
  A dart slug (D:2)
  3 ball pythons (D:1)
  4 endoplasms
  2 giant cockroaches
  3 goblins
  5 hobgoblins
  3 bats
  A kobold (D:1)
  4 rats
29 creatures vanquished.

Vanquished Creatures (others)
  A plant (D:4)
1 creature vanquished.

Grand Total: 30 creatures vanquished

Notes
Turn   | Place    | Note
-------+----------+-------------------------------------------
     0 | D:1      | kudzoo the Gargoyle Earth Elementalist began the quest for
                  | the Orb.
     0 | D:1      | Reached XP level 1. HP: 10/10 MP: 3/3
   351 | D:1      | Reached skill level 4 in Earth Magic
   351 | D:1      | Reached XP level 2. HP: 14/15 MP: 5/5
  1030 | D:2      | Reached XP level 3. HP: 19/19 MP: 6/6
  1080 | D:3      | Noticed Natasha
  1086 | D:2      | Killed Natasha
  1308 | D:3      | Reached XP level 4. HP: 24/24 MP: 5/7
  1450 | D:3      | Killed from afar by a white imp

Illustrated notes

Levels and vault maps discovered:
D:1:      dpeg_arrival_rhombus, layout_loops_corners,
          shapermc_ecumenical_altar_mp_ritualfount, serial_shops,
          nicolae_shop_waterfront
D:2:      kennysheep_big_flooded_room, layout_rooms
D:3:      layout_rooms, nicolae_overflow_hidden_temple, uniq_natasha
D:4:      layout_loops_corners, serial_forest, infiniplex_forest_clump_small,
          infiniplex_forest_straight_2, infiniplex_forest_straight_5,
          infiniplex_forest_zigzag_1, infiniplex_forest_clump_large,
          infiniplex_forest_end_3, infiniplex_forest_clump_double,
          infiniplex_forest_fountain, infiniplex_forest_clump_double,
          uniq_grinder, uniq_crazy_yiuf_cottage

Skill      XL: |  1  2  3 |
---------------+----------+-----
Earth Magic    | 4 |  4.4
Dodging        | 2 |  2.0
Fighting       | |  0.1
Short Blades   | |  0.8
Stealth        | |  2.4
Unarmed Combat | |  0.7
Spellcasting   | |  2.4
Conjurations   | |  0.9
Transmutations | |  0.7

Action                   |  1- 3 |  4- 6 || total
-------------------------+-------+-------++-------
Melee: Unarmed           |    30 |       ||    30
       Rapier            |    36 |    11 ||    47
       Club              |     9 |       ||     9
 Cast: Sandblast         |    15 |     1 ||    16
 Stab: Sleeping          |     2 |     1 ||     3
Armor: Robe              |    26 |     5 ||    31
Dodge: Dodged            |    42 |     5 ||    47
